 Dungeon Crawl Stone Soup version 0.21.1-1-g345015f (webtiles) character file.

798 Mgcat the Skirmisher (level 7, -6/60 HPs)
             Began as a Barachi Fighter on Mar 11, 2018.
             Was a Follower of Nemelex Xobeh.
             Mangled by a mummy (17 damage)
             ... in an ossuary.
             The game lasted 00:11:11 (3795 turns).

Mgcat the Skirmisher (Barachi Fighter)              Turns: 3795, Time: 00:11:12

Health: -6/60      AC:  6    Str: 19    XL:     7   Next: 89%
Magic:  9/9        EV:  7    Int:  9    God:    Nemelex Xobeh [*.....]
Gold:   210        SH:  9    Dex: 11    Spells: 6/6 levels left

rFire    . . .     SeeInvis .   a - +0 war axe
rCold    . . .     Gourm    .   c - +0 shield
rNeg     . . .     Faith    .   b - +0 scale mail
rPois    .         Spirit   .   (no helmet)
rElec    .         Reflect  .   (no cloak)
rCorr    .         Harm     .   (no gloves)
MR       .....                  (no boots)
Stlth    ..........             (no amulet)
HPRegen  0.20/turn              o - ring of flight {+Fly, !d}
MPRegen  0.11/turn              (no ring)

@: slow
A: +LOS, swims, slowness 1, strong legs 1
a: Hop, Renounce Religion, Evoke Flight


You were in an ossuary.
You worshipped Nemelex Xobeh.
Nemelex Xobeh was aware of your devotion.
You were not hungry.

You visited 1 branch of the dungeon, and saw 5 of its levels.
You also visited: Ossuary.

You collected 210 gold pieces.

Inventory:

Hand Weapons
 a - a +0 war axe (weapon)
Armour
 b - a +0 scale mail (worn)
 c - a +0 shield (worn)
Magical Staves
 l - an uncursed staff of power {unknown}
   (You found it on level 2 of the Dungeon)
Jewellery
 o - a ring of flight (left hand) {+Fly, !d}
   (You found it on level 2 of the Dungeon)
Scrolls
 h - 2 scrolls of identify
 i - a scroll of magic mapping {!r}
 k - a scroll of remove curse
Potions
 d - a potion of might
 e - a potion of haste {unknown}
 j - 2 potions of agility {unknown}
 m - a potion of lignification {unknown}
 n - a potion of resistance {unknown}
 p - a potion of mutation {unknown}
 q - a potion of heal wounds {unknown}
 r - a potion of invisibility {unknown}
 t - a potion of flight
Books
 s - a book of Flames
   (You found it on level 3 of the Dungeon)
Miscellaneous
 g - a plain deck of escape {drawn: 4}
   (Nemelex Xobeh gifted it to you on level 3 of the Dungeon)
Comestibles
 f - 2 rations


   Skills:
 + Level 7.1 Fighting
 + Level 5.9 Axes
 - Level 3.6 Armour
 - Level 3.2 Shields
 + Level 3.9 Invocations


You had 6 spell levels left.
You didn't know any spells.

Dungeon Overview and Level Annotations

Branches:
Dungeon (5/15)
 Temple: D:4-7

Altars:
Fedhas
Gozag
Hepliaklqana
Nemelex Xobeh
Ru
Xom

Annotations:
D:4 Grinder


Innate Abilities, Weirdness & Mutations

Shadows flee at your approach. (+LOS)
You can swim through water.
You cover ground slowly.
You can hop short distances.


Message History

The mummy hits you.
You completely miss the mummy. You hit the mummy. You block the mummy's attack.
You hit the mummy.
The mummy is heavily damaged.
You hit the mummy but do no damage. The mummy barely misses you.
Your shield prevents you from hitting the mummy.
The mummy is heavily damaged.
You barely miss the mummy. The mummy barely misses you. x2
You hit the mummy but do no damage.
The mummy is heavily damaged.
You completely miss the mummy. You block the mummy's attack.
The mummy hits you!
You hit the mummy.
The mummy is heavily damaged.
You hit the mummy. The mummy hits you! The mummy barely misses you.
You are too injured to fight recklessly!
You are too injured to fight recklessly!
You are too injured to fight recklessly!
You are too injured to fight recklessly!
You are too injured to fight recklessly!
Your shield prevents you from hitting the mummy.
The mummy is heavily damaged.
You slash the mummy! The mummy closely misses you.
You slash the mummy!
The mummy is almost destroyed.
You hit the mummy but do no damage. You block the mummy's attack.
The mummy closely misses you.
Your shield prevents you from hitting the mummy.
The mummy is almost destroyed.
You hit the mummy but do no damage. The mummy hits you.
Your shield and scale mail prevent you from hitting the mummy.
The mummy is almost destroyed.
You hit the mummy but do no damage. The mummy barely misses you.
You block the mummy's attack.
You hit the mummy but do no damage.
The mummy is almost destroyed.
Your shield and scale mail prevent you from hitting the mummy.
The mummy hits you! The mummy closely misses you.
You closely miss the mummy.
The mummy is almost destroyed.
You hit the mummy. The mummy barely misses you.
You slash the mummy!
You destroy the mummy!
You barely miss the mummy.
Your shield prevents you from hitting the mummy.
The mummy is severely damaged.
You block the mummy's attack.
You barely miss the mummy.
The mummy is severely damaged.
The mummy barely misses you.
Your shield and scale mail prevent you from hitting the mummy.
The mummy is severely damaged.
The mummy barely misses you.
You slash the mummy!
You destroy the mummy!
HP restored.
A big kobold zombie comes into view.
A big kobold zombie is nearby!
You slash the big kobold zombie!
The big kobold zombie is moderately damaged.
You block the big kobold zombie's attack.
You hit the big kobold zombie.
The big kobold zombie is moderately damaged.
The big kobold zombie completely misses you.
You hit the big kobold zombie.
The big kobold zombie is moderately damaged.
You block the big kobold zombie's attack.
You slash the big kobold zombie!
The big kobold zombie is heavily damaged.
The big kobold zombie barely misses you.
You hit the big kobold zombie.
The big kobold zombie is severely damaged.
The big kobold zombie hits you.
You slash the big kobold zombie!
You destroy the big kobold zombie!
No target in view!
No target in view! 2 mummies come into view.
Your shield prevents you from hitting the mummy.
You hit the mummy but do no damage. x2; The mummy hits you! x2
You are too injured to fight recklessly!
You are too injured to fight recklessly!
You are too injured to fight recklessly!
You are too injured to fight recklessly!
You are too injured to fight recklessly!
You hit the mummy.
The mummy is lightly damaged.
You barely miss the mummy. The mummy hits you!
* * * LOW HITPOINT WARNING * * *
Okay, then.
Evoke which item? (* to show all) (? for menu, Esc to quit)
You draw a card...
It is Velocity.
The mummy is moving somewhat quickly. x2
The mummy hits you but does no damage.
Evoke which item? (* to show all) (? for menu, Esc to quit)
You draw a card...
It is the Cloud.
Clouds appear around you! The mummy hits you.
* * * LOW HITPOINT WARNING * * *
The mummy hits you!
You die...
Your body disappears without a glow.

#....#
#....#
#....#
#....#
#....#
#....#
#§§§.#
#MM§.#
#@∩∩.#
######


You could see 2 mummies.

Vanquished Creatures
  An ogre (D:5)
  A scorpion (D:5)
  A howler monkey (D:4)
  4 crimson imps (D:3)
  A hound (D:3)
  2 orc priests
  4 orc wizards
  A big kobold zombie (Ossuary)
  A hound zombie (D:4)
  4 mummies (Ossuary)
  3 adders
  A gnoll (D:1)
  An ooze (D:3)
  4 worms
  2 dart slugs
  4 orcs
  10 giant cockroaches (D:3)
  A gnoll zombie (Ossuary)
  18 goblins
  7 hobgoblins
  3 quokkas
  2 ball pythons
  10 bats
  5 frilled lizards
  2 hobgoblin zombies (Ossuary)
  11 kobolds
  A kobold zombie (Ossuary)
  A leopard gecko zombie (D:5)
  3 orc zombies (Ossuary)
  3 rats (D:3)
112 creatures vanquished.

Vanquished Creatures (collateral kills)
  The ghost of Wibble the Poker, an amateur MiBe of Trog (D:3)
1 creature vanquished.

Grand Total: 113 creatures vanquished

Notes
Turn   | Place    | Note
-------+----------+-------------------------------------------
     0 | D:1      | Mgcat the Barachi Fighter began the quest for the Orb.
     0 | D:1      | Reached XP level 1. HP: 18/18 MP: 1/1
    33 | D:1      | Reached skill level 4 in Fighting
    33 | D:1      | Reached XP level 2. HP: 14/25 MP: 2/2
   536 | D:1      | Reached skill level 3 in Axes
   603 | D:2      | Reached XP level 3. HP: 30/31 MP: 3/3
   987 | D:2      | Found a hazy altar of Hepliaklqana.
   988 | D:2      | Found a sparkling altar of Nemelex Xobeh.
   989 | D:2      | Found a blossoming altar of Fedhas.
   994 | D:2      | Became a worshipper of Nemelex Xobeh the Trickster
   996 | D:2      | Received a gift from Nemelex Xobeh
  1249 | D:2      | Reached XP level 4. HP: 34/38 MP: 4/4
  1472 | D:3      | Found a shimmering altar of Xom.
  1505 | D:3      | Reached skill level 5 in Fighting
  1505 | D:3      | Reached skill level 1 in Invocations
  1524 | D:3      | Reached skill level 4 in Axes
  1524 | D:3      | Reached XP level 5. HP: 33/44 MP: 4/6
  1549 | D:3      | Reached skill level 2 in Invocations
  1661 | D:3      | Reached XP level 6. HP: 31/51 MP: 7/7
  1669 | D:3      | Found a sacrificial altar of Ru.
  1807 | D:3      | Noticed Wibble's ghost (amateur MiBe)
  1818 | D:3      | Killed Wibble's ghost
  1936 | D:3      | Reached skill level 6 in Fighting
  2039 | D:3      | Found an opulent altar of Gozag.
  2068 | D:3      | Reached skill level 5 in Axes
  2302 | D:3      | Received a gift from Nemelex Xobeh
  2661 | D:4      | Reached skill level 3 in Invocations
  2661 | D:4      | Reached XP level 7. HP: 52/59 MP: 9/9
  2707 | D:4      | HP: 11/59 [orc wizard/magic dart (7)]
  2735 | D:4      | HP: 4/59 [orc priest/divine providence (12)]
  2962 | D:4      | Noticed Grinder
  3123 | D:5      | Entered Level 5 of the Dungeon
  3166 | D:5      | Reached * piety under Nemelex Xobeh
  3183 | D:5      | HP: 11/59 [worm (6)]
  3262 | D:5      | Found a sand-covered staircase.
  3270 | Ossuary  | Entered an ossuary
  3532 | Ossuary  | Reached skill level 7 in Fighting
  3795 | Ossuary  | HP: 11/60 [mummy (5)]
  3795 | Ossuary  | Mangled by a mummy

Skill      XL: |  1  2  3  4  5  6  7 |
---------------+----------------------+-----
Fighting       | 4 5 6 7 |  7.1
Axes           | 3 4 5 |  5.9
Invocations    | 1 2 3 |  3.9
Armour         | |  3.6
Shields        | |  3.2

Action                   |  1- 3 |  4- 6 |  7- 9 || total
-------------------------+-------+-------+-------++-------
Melee: War axe           |   135 |   175 |   125 ||   435
Evoke: Deck              |       |     8 |     4 ||    12
  Use: Scroll            |       |       |     5 ||     5
  Eat: Chunk             |     1 |     6 |     1 ||     8
       Ration            |       |       |     1 ||     1
Armor: Scale mail        |    63 |    97 |    31 ||   191
Dodge: Dodged            |    53 |    74 |    29 ||   156
Block: Shield            |    82 |   115 |    60 ||   257

Vault maps used:
D:1:      dpeg_arrival_water_temple_mockup
D:2:      cheibrodos_greedy_goblins, grunt_temple_overflow_open
D:3:      minmay_roachtagon, nicolae_ru_awakened_eye, grunt_gozag_breadcrumbs,
          led_xom_imps
D:4:      lemuel_coloured_pillars_altar, first_ration, serial_shops,
          nicolae_shop_waterfront, uniq_ijyb, uniq_grinder
D:5:      kennysheep_mini_moat, lightli_ossuary_entry_decrepit_ruins,
          kb_lookout_dungeons_type
Ossuary:  ossuary_tomb_3

Table legend:
 A = Turns spent in this place as a percentage of turns spent in the entire game.
 B = Non-inter-level travel turns spent in this place as a percentage of non-inter-level travel turns spent in the entire game.
 C = Inter-level travel turns spent in this place as a percentage of turns spent in this place.
 D = Turns resting spent in this place as a percentage of non-inter-level travel turns spent in this place.
 E = Turns spent auto-exploring this place as a percentage of non-inter-level travel turns spent in this place.
 F = Non-inter-level travel turns spent in this place divided by the number of levels of this place that you've seen.
                   A       B       C       D       E      F
               +-------+-------+-------+-------+-------+----------------------
         Total | 100.0 | 100.0 |   2.1 |  15.3 |  60.5 | 619.3
       Dungeon |  86.2 |  85.9 |   2.4 |  11.9 |  64.9 | 638.2
       Ossuary |  13.8 |  14.1 |   0.0 |  36.4 |  33.9 | 525.0
               +-------+-------+-------+-------+-------+----------------------

Table legend:
 A = Kills in this place as a percentage of kills in entire the game.
 B = Kills by you in this place as a percentage of kills by you in the entire game.
 C = Kills by friends in this place as a percentage of kills by friends in the entire game.
 D = Other kills in this place as a percentage of other kills in the entire game.
 E = Experience gained in this place as a percentage of experience gained in the entire game.
 F = Experience gained in this place divided by the number of levels of this place that you have seen.
                   A       B       C       D       E      F
               +-------+-------+-------+-------+-------+----------------------
         Total | 100.0 | 100.0 | 100.0 |   N/A | 100.0 | 190.0
       Dungeon |  89.4 |  89.3 | 100.0 |   N/A |  90.2 | 205.6
       Ossuary |  10.6 |  10.7 |   0.0 |   N/A |   9.8 | 112.0
               +-------+-------+-------+-------+-------+----------------------
